Cogmind - Beta 12 @@@ ROGUE MODE // 2023.08.03 @ 10:45:17 Player: Darch Result: Destroyed by G-47 Trooper with Particle Gun Performance ------------- Evolutions (0) 0 Regions Visited (2) 400 Robots Destroyed (24) 120 Value Destroyed (285) 285 Prototype IDs (2) 40 Alien Tech Used (0) 0 Bonus (0) 0 TOTAL SCORE: 845 Bonus ------- None Cogmind --------- Core Integrity 0/250 Matter 299/300 Energy 125/125 System Corruption 1% Temperature Cool (42) Movement Hovering (240) Ox2 Location -10/Mines Parts ------- > --- POWER (1) -------- Light Ion Engine > --- PROPULSION (2) --- Backup Propulsion I > --- UTILITY (2) ------ Medium Storage Unit Backup Plating I > --- WEAPON (2) ------- Backup Laser I Light Assault Rifle > --- INVENTORY (10) --- Light Ion Engine Flight Unit Medium Matter Pod (100) Light Assault Rifle Peak State ------------ > --- POWER ------------ Ion Engine > --- PROPULSION ------- Hover Unit Hover Unit > --- UTILITY ---------- Seismic Detector Targeting Computer > --- WEAPON ----------- EM Pulse Gun Light Assault Rifle > --- INVENTORY -------- Light Ion Engine Aluminum Leg Aluminum Leg Medium Matter Pod [Rating: 7] Favorites ----------- Power Light Ion Engine Engine Light Ion Engine Propulsion Flight Unit Leg Aluminum Leg Hover Unit Backup Propulsion I Flight Unit Flight Unit Utility Medium Storage Unit Device Seismic Detector Storage Medium Storage Unit Processor Targeting Computer Protection Backup Plating I Weapon Light Assault Rifle Energy Gun EM Pulse Gun Ballistic Gun Light Assault Rifle Launcher Grenade Launcher Build | -11 -10 -10 ------- Run | Jun Mat Min Slots Evolved . | . . . Power . | . . . Propulsion . | . . . Utility . | . . . Weapon . | . . . Parts Attached 23 | 6 17 . Power 3 | 2 1 . Engine 3 | 2 1 . Core . | . . . Reactor . | . . . Propulsion 8 | 2 6 . Treads . | . . . Leg 4 | 2 2 . Wheel . | . . . Hover 2 | . 2 . Flight 2 | . 2 . Utility 6 | . 6 . Device 2 | . 2 . Storage 2 | . 2 . Processor 2 | . 2 . Hackware . | . . . Protection . | . . . Artifact . | . . . Weapon 6 | 2 4 . Energy Gun 1 | 1 . . Energy Cannon . | . . . Ballistic Gun 4 | 1 3 . Ballistic Cannon . | . . . Launcher 1 | . 1 . Special Weapon . | . . . Impact Weapon . | . . . Slashing Weapon . | . . . Piercing Weapon . | . . . Special Melee Weapon . | . . . Unidentified Prototypes . | . . . Parts Lost 8 | . 7 1 Power 1 | . 1 . Propulsion 4 | . 3 1 Utility 1 | . 1 . Weapon 2 | . 2 . Highest Loss Streak 3 | . 3 1 To Critical Strikes . | . . . Average Slot Usage (%) 87 | . 87 . Engine 13 | . 13 . Leg 2 | . 2 . Hover 4 | . 4 . Flight 16 | . 16 . Device 5 | . 5 . Storage 9 | . 9 . Processor 2 | . 2 . Protection 2 | . 2 . Energy Gun 4 | . 4 . Ballistic Gun 17 | . 17 . Launcher 4 | . 4 . Naked Turns . | . . . Heaviest Build 17 | 8 17 . Greatest Support 20 | 20 20 . Greatest Overweight (x) 4 | . 4 . Average Overweight (x) . | . . . Largest Inventory Capacity 25 | 5 25 10 Average Capacity 8 | 5 8 10 Most Carried 5 | 5 5 4 Average Carried 3 | 1 4 4 Final Capacity 10 | 5 10 10 Final Carried 5 | 5 4 4 Class Distribution -------------------- 72% | Mutant 27% | Scavenger-Mutant Dominant Class ---------------- Mutant | -10/Materials Mutant | -10/Mines Resources | -11 -10 -10 ----------- Run | Jun Mat Min Matter Collected 619 | 264 355 . Remotely . | . . . Salvage Created 594 | 172 422 . Parts 54 | 17 37 . Haulers Intercepted . | . . . Recyclers Shooed 1 | . 1 . Parts Field Recycled . | . . . Retrieved Matter . | . . . Parts Self-Destructed . | . . . Prevented . | . . . Kills | -11 -10 -10 ------- Run | Jun Mat Min Combat Hostiles Destroyed 11 | 1 10 . Guns 11 | 1 10 . Classes Destroyed 6 | 3 3 . Worker 4 | 1 3 . Tunneler 5 | 4 1 . Recycler 1 | . 1 . Watcher 3 | . 3 . Swarmer 8 | . 8 . Grunt 3 | 1 2 . Best Kill Streak 4 | 4 3 . Combat Bots Only 3 | 1 3 . Max Kills in Single Turn 1 | 1 1 . Gunslinging . | . . . Exploded . | . . . Melee . | . . . Uniques/NPCs Destroyed . | . . . Combat | -11 -10 -10 -------- Run | Jun Mat Min Damage Taken 817 | . 747 70 Core 265 | . 247 18 Absorbed by Shields . | . . . Regen/Repaired (Parts) 4 | . 4 . Core Remaining (%) 100 | 100 . . Volleys Fired 92 | 14 76 2 Largest 2 | 2 2 2 Hottest 60 | 60 60 50 Shots Fired 168 | 28 136 4 Gun 165 | 28 133 4 Cannon . | . . . Launcher 3 | . 3 . Special . | . . . Kinetic 126 | 14 110 2 Thermal 8 | . 6 2 Explosive 3 | . 3 . Electromagnetic 31 | 14 17 . Robot Hit Streak 7 | 3 7 3 Robot Miss Streak 9 | 2 9 1 Penetration Max . | . . . Secondary Targets 4 | . 4 . Max Gunslinging Chain 1 | . 1 . Shots Hit Robots 82 | 16 64 2 Core Hits 39 | 8 30 1 Critical Kills 1 | . 1 . Critical Parts Destroyed 1 | . 1 . Critical Strikes 2 | . 2 . Destroy 2 | . 2 . Melee Attacks . | . . . Impact . | . . . Slashing . | . . . Piercing . | . . . Sneak Attacks . | . . . Combat Hostiles . | . . . Follow-up Attacks . | . . . Damage Inflicted 845 | 186 639 20 Guns 812 | 186 606 20 Cannons . | . . . Explosions 30 | . 30 . Melee . | . . . Ramming 3 | . 3 . Kinetic 525 | 66 459 . Thermal 49 | . 29 20 Explosive 30 | . 30 . Electromagnetic 238 | 120 118 . Impact . | . . . Slashing . | . . . Piercing . | . . . Highest Corruption 1 | . 1 1 Average Corruption 1 | . 1 1 Corruption Purged . | . . . Corruption Blocked . | . . . Effects 7 | . 7 . Message Errors 2 | . 2 . Matter Fused 1 | . 1 . Heat Flow Errors 1 | . 1 . Energy Discharges 1 | . 1 . Data Loss (minor) 1 | . 1 . Misfires 1 | . 1 . Overload Shots . | . . . Overflow Damage 3 | . 3 . Projectiles . | . . . Explosions 3 | . 3 . Melee . | . . . Knockbacks . | . . . Impact . | . . . Kinetic . | . . . Secondary . | . . . Self-Inflicted Damage 15 | . 15 . Shots 1 | . 1 . Rammed 1 | . 1 . Targets Rammed 1 | . 1 . Kicked . | . . . Crushed . | . . . Highest Temperature 269 | 80 269 33 Average Temperature 31 | 35 30 23 Received Heat Transfer 117 | . 78 39 Siege Activations . | . . . Robots Corrupted . | . . . Combat Hostiles . | . . . Parts Fried 1 | . 1 . Impact Corruptions . | . . . Robots Melted . | . . . Combat Hostiles . | . . . Parts Melted 1 | . 1 . Heat Transferred 185 | . 111 74 Parts Sabotaged . | . . . Parts Stolen . | . . . Parts Stripped . | . . . Power Chain Reactions . | . . . Missiles Intercepted . | . . . Alert | -11 -10 -10 ------- Run | Jun Mat Min Peak Influence 161 | 45 161 15 Initial 29 | . 29 . Average 39 | 25 41 6 Maximum Alert Level . | . . . Low Security (%) 100 | 100 100 100 Level 1 . | . . . Level 2 . | . . . Level 3 . | . . . Level 4 . | . . . Level 5 . | . . . High Security . | . . . Max Security . | . . . Squads Dispatched 1 | . 1 . Investigation . | . . . Extermination . | . . . Reinforcement 1 | . 1 . Assault . | . . . Garrison . | . . . Intercept . | . . . Searches Triggered . | . . . Construction Impeded . | . . . Haulers Reinforced . | . . . Active Scanning Responses . | . . . Cargo Convoy Interrupts . | . . . Stealth | -11 -10 -10 --------- Run | Jun Mat Min Distress Signals . | . . . Communications Jammed . | . . . Distress Signals . | . . . Times Spotted 18 | 1 15 2 Peak Tracking Total 3 | 1 3 2 Tactical Retreats . | . . . Traps | -11 -10 -10 ------- Run | Jun Mat Min Traps Triggered 2 | . 2 . Indirectly . | . . . Trap Hack Attempts . | . . . Triggered . | . . . Disarmed . | . . . Reprogrammed . | . . . Reused . | . . . Traps Extracted . | . . . Installed . | . . . Triggered . | . . . Machines | -11 -10 -10 ---------- Run | Jun Mat Min Machines Disabled 1 | . 1 . Max in Single Turn 1 | . 1 . Machines Repaired . | . . . Machines Sabotaged . | . . . Overloaded Fab Kills . | . . . Hacking | -11 -10 -10 --------- Run | Jun Mat Min Machines Accessed 5 | . 5 . Terminals 3 | . 3 . Fabricators . | . . . Repair Stations 1 | . 1 . Recycling Units 1 | . 1 . Scanalyzers . | . . . Garrison Access . | . . . Total Hacks 14 | . 14 . Successful 9 | . 9 . Failed 5 | . 5 . Catastrophic . | . . . Database Lockouts . | . . . Manual . | . . . Terminals 9 | . 9 . Fabricators . | . . . Repair Stations 3 | . 3 . Recycling Units 2 | . 2 . Scanalyzers . | . . . Garrison Access . | . . . Terminal Hacks 4 | . 4 . Prototype ID Bank 1 | . 1 . Alert Level 1 | . 1 . Dispatch Records 1 | . 1 . Maintenance Status 1 | . 1 . Fabricator Hacks . | . . . Repair Station Hacks 3 | . 3 . Scan Component 1 | . 1 . Repair 1 | . 1 . Refit 1 | . 1 . Recycling Unit Hacks 2 | . 2 . Recycle Component 1 | . 1 . Report Inventory 1 | . 1 . Scanalyzer . | . . . Garrison Access Hacks . | . . . Unauthorized Hacks . | . . . Terminals . | . . . Fabricators . | . . . Repair Stations . | . . . Recycling Units . | . . . Scanalyzers . | . . . Garrison Access . | . . . Data Cores Recovered . | . . . Used . | . . . Hacking Detections 3 | . 3 . Full Trace Events . | . . . Feedback Events . | . . . Feedback Blocked . | . . . Robot Schematics Acquired . | . . . Robots Built . | . . . Authchips . | . . . Time . | . . . Total Robot Build Rating . | . . . Part Schematics Acquired . | . . . Parts Built . | . . . Authchips . | . . . Time . | . . . Total Part Build Rating . | . . . Parts Repaired 1 | . 1 . Time 26 | . 26 . Parts Recycled 1 | . 1 . Recycled Matter . | . . . Retrieved Matter . | . . . Retrieved Components . | . . . Parts Scanalyzed . | . . . Part Schematics Acquired . | . . . Parts Damaged . | . . . Bothacking | -11 -10 -10 ------------ Run | Jun Mat Min Used RIF Installer . | . . . Robots Hacked . | . . . Non-combat . | . . . Combat . | . . . Robot Hacks Applied . | . . . Relay Couplers Released . | . . . Fabnet Peak Effective % . | . . . Robots Rewired . | . . . Allies Hacked . | . . . Hacks Repelled . | . . . Allies | -11 -10 -10 -------- Run | Jun Mat Min Total Allies . | . . . Largest Group . | . . . Highest-Rated Group . | . . . Highest-Rated Ally . | . . . Total Orders . | . . . Ally Attacks . | . . . Total Damage . | . . . Kills . | . . . Allies Corrupted . | . . . Allies Melted . | . . . Intel | -11 -10 -10 ------- Run | Jun Mat Min Robot Analysis Total . | . . . Derelict Logs Recovered . | . . . Drone Launches . | . . . Drone Recoveries . | . . . Exploration | -11 -10 -10 ------------- Run | Jun Mat Min Turns Passed 1836 | 230 1602 4 Spaces Moved 1201 | 167 1034 . Core 42 | 38 4 . Treads . | . . . Legs 253 | 129 124 . Wheels . | . . . Hover 216 | . 216 . Flight 690 | . 690 . Fastest Speed 37 | 50 37 . Average Speed 128 | 104 132 . Slowest Speed 360 | 120 360 . Overloaded Moves . | . . . Propulsion Burnouts . | . . . Robots Hopped 1 | . 1 . Cave-ins Triggered . | . . . Exploration Rate (%) 35 | 8 94 3 Regions Visited 2 Branch Regions 1 Pre-discovered Areas . | . . . Known Exits Taken 1 | . 1 . Unknown Exits Taken 1 | 1 . . Scrap Searched . | . . . Spaces Dug . | . . . Terrain Destroyed 26 | . 26 . Melee . | . . . Projectile . | . . . AOE 26 | . 26 . Terrain Rammed . | . . . Walls Destroyed . | . . . Machines Disabled . | . . . Actions | -11 -10 -10 --------- Run | Jun Mat Min Total 1353 | 198 1153 2 Wait 3 | . 3 . Move 1197 | 166 1031 . Hop 1 | . 1 . Pick Up 27 | 11 16 . Fast Attach . | . . . Attach 13 | 5 8 . Detach 1 | . 1 . Swap 10 | 1 9 . Drop 8 | 1 7 . Fire 92 | 14 76 2 Melee . | . . . Ram 1 | . 1 . Kick . | . . . Crush . | . . . Escape Stasis . | . . . Rewire . | . . . Trap . | . . . Miscellaneous . | . . . Route ------- -11/Junkyard -10/Materials (discovered 5 exits: *Mat x3 / *Min x2) -10/Mines History --------- Turn | Location | Event 2 | -11/Junkyard | Met Revision 17 85 | -11/Junkyard | Discovered new exit (range 8) 231 | -11/Junkyard | Entered Materials 317 | -10/Materials | Build established: Mutant 477 | -10/Materials | Discovered new exit (range 8) 510 | -10/Materials | Core integrity fell below 50% 544 | -10/Materials | Lost 3 parts (1p1n1w) 569 | -10/Materials | Discovered new exit (range 15) 607 | -10/Materials | Discovered new exit (range 16) 618 | -10/Materials | Identified exit to Mines 629 | -10/Materials | Identified exit to Materials 830 | -10/Materials | Discovered exit to Materials (range 13) 836 | -10/Materials | Core integrity fell below 20% 879 | -10/Materials | Build established: Scavenger-Mutant 1265 | -10/Materials | Build established: Mutant 1554 | -10/Materials | Repaired Grenade Launcher? 1633 | -10/Materials | Discovered exit to Materials (range 15) 1833 | -10/Materials | Entered Mines 1837 | -10/Mines | Destroyed by G-47 Trooper with Particle Gun Last Messages --------------- Attaching: Backup Propulsion I x1 Backup Plating I x1 Backup Laser I x1 Connecting with Repair Station... [Achievement: Part-time Mechanic] >> REPAIR: Completed Grenade Launcher? Sml. Laser melted. G-34 Mercenary destroyed. EXIT=FOUND: MATERIALS Acquired 22 matter. Connecting with Terminal... System corrupted: Component data lost. K-01 Serf cleans the Machine. K-01 Serf cleans the Electrolysis Chamber. DZG&XCIW/HZSCDYSP2,PBLI6,CYLF LOCATION=MINES GOAL=ESCAPE Flight Unit destroyed. [Achievement: First Step to Greatness] Map ----- +----------------------------------------------------+ | | | | | | | | | | | | | | | | | | | | | | | | | | | ??????????????????????????????????? | | ??????????????????????????????????? | | ??????????????????????????????????? | | ??????????????????????????????????? | | ??????????????????????????????????? | | ??????????????????????????????????? | | ??????????????????????????????????? | | ??????????????????????????????????? | | ??????????????????????###########?? | | ??????????????????????# #?? | | ??????????????????????# #?? | | ??????????????????????# """ #?? | | ??????????????????????# @ """ #?? | | ??????????????????????# g """ #?? | | ??????????????????????# g #?? | | ??????????????????????# #?? | | ??????????????????????## ########?? | | ???????????????????????# ?????????? | | ???????????????????????# ?????????? | | ???????????????????????# ?????????? | | ???????????????????????##?????????? | | ??????????????????????????????????? | | ??????????????????????????????????? | | ??????????????????????????????????? | | ??????????????????????????????????? | | ??????????????????????????????????? | | ??????????????????????????????????? | | ??????????????????????????????????? | | ??????????????????????????????????? | | ??????????????????????????????????? | | ??????????????????????????????????? | | ??????????????????????????????????? | | ??????????????????????????????????? | | ??????????????????????????????????? | | ??????????????????????????????????? | | ??????????????????????????????????? | | ??????????????????????????????????? | +----------------------------------------------------+ Best States ------------- Heat Dissipation 25 Energy Generation 10 Energy Capacity 250 Matter Stores 300 Matter Capacity 300 Sight Range 16 Terrain Scan Density 10 Armor Coverage 80 Evasion (%) 62 Targeting Accuracy 5 Item Schematics ----------------- None Robot Schematics ------------------ None Fabricated ------------ Nothing Alien Tech Used ----------------- None Achievements -------------- First Step to Greatness Maybe Next Time I'll Detach My Launcher Part-time Mechanic Storm Trooper Uninvited Guest Challenges ------------ None Game ------ Seed ShadingPlatingWheel Manual? 0 Play Time 00:49:54 Cumulative 2.1 hours Start 2023.08.02 @ 13:50:05 End 2023.08.03 @ 10:45:17 Sessions 3 Manual Loads 0 Difficulty Rogue Special Mode None Game No. 2 Rogue 1 Adventurer 1 Explorer 0 Win Type - Total 0 Types 0/0/0/0/0/0/0/0/0 Lore% 0 Gallery% 2 Achievement% 2 Wizard Run 0 Options --------- ASCII 0 Keyboard 1 Movement Vi Keybinds 0 Fullscreen 1 Font 20/SmallcapsGlow Map View 66x50 Tactical HUD 0 Map Filters NONE Filters NONE Steam 1 RUN: 276c5b0e-afab-4f8e-aeb9-2549fe25272f